Map: Sequencer LE

Players

Lambo - Winner!

  • Race: Zerg Zerg
  • Spawn Location: 1:00

Winter

  • Race: Zerg Zerg
  • Spawn Location: 7:00

Event: WCS Jonkoping 2017

VOD

Have the link to the VOD?

Description

Time

  • Played on: June 17, 2017, 1:33 p.m.
  • Length: 8:45

All games in this series

Show
View Real Time Build Order
Export as new Build Order

Lambo Zerg - Winner!

Build Orders: Hatch First 

Get SALT Encoding   

  12  0:00  Drone  
  13  0:12  Overlord  
  13  0:17  Drone  
  14  0:31  Drone x2  
  14  0:34  Drone  
  17  0:53  Hatchery  
  17  0:55  Drone  
  17  1:08  Spawning Pool  
  16  1:12  Drone  
  16  1:15  Drone  
  18  1:36  Hatchery  
  18  1:38  Drone  
  18  1:41  Drone  
  18  1:44  Drone  
  20  1:55  Queen  
  22  2:06  Queen, Zergling x2  
  25  2:12  Spine Crawler  
  24  2:16  Overlord  
  24  2:20  Drone  
  24  2:22  Drone  
  26  2:32  Drone  
  26  2:36  Drone x2  
  30  2:40  Queen  
  30  2:44  Drone x2  
  34  2:50  Drone x2  
  34  2:51  Drone  
  37  2:59  Overlord  
  37  3:04  Extractor  
  37  3:05  Extractor  
  35  3:06  Roach Warren, Drone  
  35  3:07  Evolution Chamber  
  35  3:08  Drone  
  35  3:09  Drone  
  35  3:14  Drone x2  
  35  3:19  Drone x2  
  39  3:22  Overlord  
  39  3:24  Drone  
  40  3:31  Drone  
  41  3:38  Overlord  
  41  3:39  Drone  
  41  3:40  Drone x3  
  45  3:42  Zergling x2  
  45  3:45  Drone x3  
  45  3:48  Drone  
  50  3:52  Zerg Missile Weapons Level 1  
  50  3:55  Overlord  
  50  3:59  Drone x2  
  52  4:04  Drone x3  
  52  4:07  Drone x3  
  58  4:14  Lair  
  58  4:16  Extractor  
  57  4:18  Extractor, Drone  
  57  4:19  Drone x3  
  57  4:20  Drone  
  57  4:23  Drone x2  
  63  4:28  Overlord  
  63  4:32  Drone x3  
  63  4:35  Overlord  
  63  4:36  Overlord  
  65  4:40  Overlord  
  65  4:41  Spine Crawler  
  65  4:43  Roach  
  66  4:47  Roach  
  66  4:48  Spine Crawler  
  66  4:52  Roach x2  
  71  4:57  Roach x3  
  77  5:01  Extractor, Roach x2  
  77  5:04  Overlord  
  77  5:06  Roach  
  84  5:07  Roach  
  84  5:12  Overseer  
  84  5:15  Roach x2  
  84  5:16  Roach x2  
  84  5:20  Roach x2  
  97  5:29  Drone x5  
  97  5:34  Overlord  
  102  5:40  Roach x2  
  102  5:41  Overlord x3  
  102  5:42  Overlord  
  106  5:46  Zerg Missile Weapons Level 2  
  106  5:49  Overlord x2  
  106  5:51  Overseer  
  106  5:53  Pneumatized Carapace  
  106  6:02  Hatchery  
  105  6:05  Roach x2  
  105  6:08  Burrow, Glial Reconstitution  
  109  6:12  Roach  
  109  6:15  Overlord  
  109  6:18  Roach x2  
  115  6:22  Roach x3  
  115  6:24  Roach  
  123  6:29  Roach x2  
  123  6:30  Roach  
  129  6:33  Roach x2  
  135  6:40  Roach x4  
  141  6:48  Roach x5  
  141  6:50  Ravager  
  141  6:51  Ravager  
  153  6:55  Roach x3  
  153  7:00  Ravager  
  160  7:04  Roach  
  160  7:07  Overlord  
  162  7:09  Overlord  
  162  7:13  Overlord  
  162  7:14  Overlord  
  162  7:16  Roach x3  
  162  7:20  Overlord  
  162  7:22  Roach x2  
  168  7:24  Overlord  
  168  7:29  Ravager x2  
  168  7:30  Roach x4  
  168  7:31  Roach x5  
  178  7:39  Roach x4  
  186  7:45  Roach x4  
  194  7:52  Roach x3  
  198  8:03  Roach x4  
  200  8:10  Roach x3  
  198  8:17  Roach x2  
Show
View Real Time Build Order
Export as new Build Order

Winter Zerg 

Build Orders: Hatch First 

Get SALT Encoding   

  12  0:00  Drone  
  13  0:10  Drone  
  14  0:19  Overlord  
  14  0:26  Extractor, Drone  
  15  0:37  Drone  
  15  0:38  Drone  
  17  0:53  Hatchery  
  17  0:56  Drone  
  17  1:10  Spawning Pool  
  16  1:14  Drone  
  16  1:17  Drone  
  18  1:21  Drone  
  19  1:28  Overlord  
  19  1:39  Drone  
  20  1:56  Drone  
  20  1:57  Queen  
  23  2:03  Drone  
  23  2:04  Queen  
  23  2:05  Zergling x2  
  27  2:11  Drone  
  28  2:17  Overlord  
  28  2:20  Drone  
  29  2:27  Drone  
  30  2:31  Drone  
  30  2:32  Queen  
  33  2:37  Drone  
  33  2:40  Queen  
  33  2:43  Overlord  
  36  2:44  Extractor  
  36  2:46  Extractor  
  36  2:50  Drone  
  35  2:53  Drone  
  36  2:59  Drone  
  36  3:03  Drone  
  38  3:10  Drone  
  38  3:11  Drone x2  
  40  3:16  Drone x2  
  40  3:17  Drone x2  
  40  3:18  Queen  
  46  3:20  Queen  
  48  3:31  Overlord  
  48  3:34  Drone x2  
  50  3:44  Evolution Chamber  
  50  3:45  Evolution Chamber  
  48  3:48  Drone  
  48  3:49  Drone x3  
  48  3:50  Drone  
  48  3:51  Extractor  
  52  3:56  Lair  
  52  4:03  Hatchery  
  52  4:08  Drone  
  52  4:09  Drone x2  
  54  4:10  Extractor  
  54  4:14  Zerg Melee Weapons Level 1  
  53  4:19  Zerg Ground Armor Level 1  
  53  4:21  Drone x2  
  55  4:24  Drone  
  55  4:25  Drone  
  57  4:31  Drone x2  
  57  4:32  Drone  
  60  4:43  Overlord  
  60  4:44  Overlord  
  60  4:54  Evolution Chamber  
  60  4:57  Overseer, Queen, Infestation Pit  
  60  4:59  Overlord  
  60  5:02  Drone x4  
  60  5:03  Drone  
  65  5:14  Drone  
  65  5:15  Drone  
  65  5:18  Drone x4  
  71  5:25  Spine Crawler  
  71  5:26  Overlord  
  71  5:27  Spine Crawler  
  69  5:29  Drone, Spine Crawler  
  69  5:30  Drone  
  69  5:32  Drone x2  
  72  5:44  Hive  
  72  5:45  Metabolic Boost  
  72  5:49  Spine Crawler  
  71  5:51  Spine Crawler  
  71  5:54  Spine Crawler  
  71  5:55  Spine Crawler  
  68  5:58  Spine Crawler  
  68  5:59  Spine Crawler  
  66  6:05  Drone x6  
  66  6:11  Zergling x4, Spine Crawler  
  73  6:15  Overseer  
  73  6:25  Zergling x4  
  74  6:30  Zergling x6  
  78  6:33  Zergling x2  
  78  6:34  Zergling x4  
  78  6:39  Zergling x4, Spine Crawler  
  82  6:40  Zergling x2  
  82  6:42  Zergling x4  
  85  6:50  Zergling x10  
  90  6:54  Spine Crawler  
  90  6:58  Spine Crawler  
  88  7:02  Zergling x4  
  88  7:03  Ultralisk Cavern  
  88  7:06  Evolution Chamber, Zergling x2  
  89  7:09  Evolution Chamber  
  89  7:10  Zergling x4  
  89  7:14  Overlord x3  
  90  7:30  Overlord x2  
  88  7:50  Ultralisk x3  
  106  7:53  Zergling x2  
  99  8:09  Zergling x2  
  99  8:10  Zergling x8  
  95  8:18  Zergling x4  
  94  8:23  Zergling x2  
  92  8:27  Zergling x2  
Tags
 
Add a new tag
Caveats
  • Supply blocks, unpowered buildings, or Contaminate may cause inaccurate times.
  • Supply counts are checked every 10 seconds.